 Dungeon Crawl Stone Soup version 0.27-a0-448-gace5c5693b (webtiles) character file.

Game seed: 17555929311241863515

1031 jasper the Cutter (level 7, -2/58 HPs)
             Began as a Demigod Brigand on Feb 28, 2021.
             Killed by divine providence
             ... invoked by an orc priest
              (11 damage)
             ... on level 5 of the Dungeon.
             The game lasted 00:05:21 (4943 turns).

jasper the Cutter (Demigod Brigand)                 Turns: 4943, Time: 00:05:21

Health: -2/58      AC:  9    Str: 12    XL:     7   Next: 72%
Magic:  9/9        EV: 13    Int: 13    God:
Gold:   181        SH:  0    Dex: 23    Spells: 6/6 levels left

rFire    . . .     SeeInvis .   v - +2 dagger (venom)
rCold    . . .     Faith    .   (no shield)
rNeg     . . .     Spirit   .   t - +0 ring mail
rPois    .         Reflect  .   x - +0 helmet
rElec    .         Harm     .   c - +0 cloak
rCorr    .         Rampage  .   r - +0 pair of gloves
Will     .....                  (no boots)
Stlth    +++.......             (no amulet)
HPRegen  0.19/turn              (no ring)
MPRegen  0.11/turn              (no ring)

@: mighty, flying
A: high mp 1
a: no special abilities


You were on level 5 of the Dungeon.
You visited 1 branch of the dungeon, and saw 5 of its levels.

You collected 181 gold pieces.

Inventory:

Hand Weapons
 a - a +2 dagger
 s - a +0 falchion
 v - a +2 dagger of venom (weapon)
Missiles
 d - 54 poisoned darts
 e - 2 curare-tipped darts (quivered)
 h - a throwing net
Armour
 b - a +0 robe
 c - a +0 cloak (worn)
 q - a +0 leather armour
 r - a +0 pair of gloves (worn)
 t - a +0 ring mail (worn)
 x - a +0 helmet (worn)
Jewellery
 p - a ring of wizardry
Wands
 u - a wand of polymorph (4)
Scrolls
 f - 2 scrolls of random uselessness {unknown}
 g - 8 scrolls of identify {unknown}
 k - a scroll of enchant armour {unknown}
 l - 2 scrolls of teleportation {unknown}
 o - 2 scrolls of magic mapping {unknown}
 y - a scroll of immolation {unknown}
 z - a scroll of fear {unknown}
Potions
 i - a potion of flight
 m - a potion of heal wounds {unknown}
 n - a potion of curing
 w - a potion of brilliance {unknown}
 A - a potion of attraction {unknown}


   Skills:
 + Level 3.7 Fighting
 * Level 5.3 Short Blades
 - Level 1.7 Throwing
 + Level 3.1 Armour
 + Level 3.4 Dodging
 + Level 5.1 Stealth


You had 6 spell levels left.
You didn't know any spells.
Your spell library was empty.

Dungeon Overview and Level Annotations

Branches:
Dungeon (5/15)
 Temple: D:4-7

Annotations:
D:3 Grinder


Innate Abilities, Weirdness & Mutations

You have an increased reservoir of magic. (+10% MP)


Message History

The orc priest invokes the aid of Beogh against you.
Beogh smites you!
* * * LOW HITPOINT WARNING * * *
The worker ant closely misses you.
You take 16 damage, and have 15/58 hp.
MASSIVE DAMAGE!!
You feel sick.
You take 1 damage, and have 15/58 hp.
Okay, then.
The worker ant bites you but does no damage.
You feel sick.
The orc priest calls down the wrath of Beogh upon you.
Beogh smites you!
* * * LOW HITPOINT WARNING * * *
You take 14 damage, and have 1/58 hp.
MASSIVE DAMAGE!!
It was a potion of might.
You feel very mighty all of a sudden.
You kill the worker ant!
The orc barely misses you.
It was a potion of flight.
You feel very buoyant.
You fly up into the air.
* * * LOW HITPOINT WARNING * * *
You feel sick.
The giant cockroach zombie waves its antennae.
The giant cockroach zombie bites you but does no damage.
The orc misses you.
It was a potion of curing.
You feel better. The giant cockroach zombie misses you.
The orc hits you with a +0 mace.
* * * LOW HITPOINT WARNING * * *
The orc hits you with a +0 falchion.
* * * LOW HITPOINT WARNING * * *
You regained 7 hp, and now have 8/58 hp.
Okay, then.
The orc priest looks encouraged for a moment.
Okay, then.
Okay, then.
Okay, then.
The orc priest invokes the aid of Beogh against you.
Beogh smites you!
You die...

#####...#.........##..##.###
#............o.............#
....#.....†............##..#
.............##o..........###
...)........##.........##...#####
...............K#o.#..##....##...
...............o#.....#..........
..........#....Z#....###........#
#.......###.....@....####.#......
........# #..............###.....
.......####...........#..#......#
#......##.............##.........
##.............##..##....
#..................#.....
.......††...........##....
...................###....
....................##...


You could see an orc priest, 2 orcs, a giant cockroach zombie and a kobold.

Vanquished Creatures
  Pikel (D:5)
  A scorpion (D:4)
  A water moccasin skeleton (D:5)
  A howler monkey (D:4)
  2 hounds (D:4)
  An orc priest (D:5)
  Ijyb (D:4)
  4 worker ants
  A hound zombie (D:5)
  A hound skeleton (D:4)
  4 adders
  4 gnolls
  An ufetubus (D:5)
  An ooze (D:2)
  2 worms
  3 dart slugs (D:1)
  6 leopard geckos
  11 orcs
  A giant cockroach (D:1)
  5 goblins
  9 hobgoblins
  8 jackals
  6 kobolds
  2 quokkas
  9 bats
  4 frilled lizards
  7 rats
97 creatures vanquished.

Vanquished Creatures (others)
  2 withered plants (D:3)
2 creatures vanquished.

Grand Total: 99 creatures vanquished

Notes
Turn   | Place    | Note
-------+----------+-------------------------------------------
     0 | D:1      | jasper the Demigod Brigand began the quest for the Orb.
     0 | D:1      | Reached XP level 1. HP: 17/17 MP: 3/3
    58 | D:1      | Reached skill level 1 in Dodging
   135 | D:1      | Reached XP level 2. HP: 24/24 MP: 4/4
   776 | D:1      | Reached XP level 3. HP: 29/29 MP: 5/5
   941 | D:1      | Reached skill level 1 in Armour
  1899 | D:2      | Found a sparkling altar of Nemelex Xobeh.
  2305 | D:2      | Found a shimmering blue altar of Sif Muna.
  2426 | D:2      | Reached XP level 4. HP: 26/36 MP: 6/6
  2952 | D:3      | Noticed Grinder
  3212 | D:3      | Found a bloodstained altar of Trog.
  3420 | D:4      | Noticed Ijyb
  3425 | D:4      | Killed Ijyb
  3446 | D:4      | Reached XP level 5. HP: 30/42 MP: 7/7
  3917 | D:4      | Reached XP level 6. HP: 48/50 MP: 8/8
  4530 | D:5      | Entered Level 5 of the Dungeon
  4620 | D:5      | Noticed Pikel
  4660 | D:5      | Killed Pikel
  4661 | D:5      | Reached skill level 5 in Short Blades
  4661 | D:5      | Reached skill level 5 in Stealth
  4661 | D:5      | Reached XP level 7. HP: 34/58 MP: 9/9
  4931 | D:5      | HP: 1/58 [orc priest/divine providence (13)]
  4943 | D:5      | Killed from afar by an orc priest

Illustrated notes

Levels and vault maps discovered:
D:1:      lightli_molten_gateway, layout_loops_ring, minmay_misc_feat_tiny
D:2:      layout_loops_ring, nemelex_xobeh_ov_fountains_minmay,
          lemuel_round_altar, grunt_ministairs_8, kennysheep_generic_room_10
D:3:      layout_rooms, nicolae_overflow_crystal_walls,
          yredelemnul_altar_generic, uniq_grinder, uniq_sigmund
D:4:      layout_loops_ring, roderic_serpentine_path, moated_statue, uniq_ijyb
D:5:      layout_cave_pools, vehumet_altar_wand_db,
          minmay_temple_entry_overgrown, serial_shops, kennysheep_mini,
          portal_sewer_entry_d, uniq_pikel, uniq_prince_ribbit1

Skill      XL: |  1  2  3  4  5  6 |
---------------+-------------------+-----
Dodging        | 1 2 3 |  3.4
Short Blades   | 2 3 5 |  5.3
Fighting       | 2 3 |  3.7
Armour         | 1 2 3 |  3.1
Stealth        | 4 5 |  5.1
Throwing       | |  1.7

Action                   |  1- 3 |  4- 6 |  7- 9 || total
-------------------------+-------+-------+-------++-------
Melee: Dagger            |   126 |   215 |    33 ||   374
Throw: Dart              |    18 |       |       ||    18
  Use: Potion            |       |       |     3 ||     3
 Stab: Sleeping          |    11 |     9 |       ||    20
Armor: Robe              |    36 |       |       ||    36
       Leather armour    |       |    15 |       ||    15
       Ring mail         |       |    37 |    16 ||    53
Dodge: Dodged            |    89 |   128 |    19 ||   236

Table legend: (Time is in decaauts)
 A = Elapsed time spent in this place.
 B = Non-inter-level travel time spent in this place.
 C = Inter-level travel time spent in this place.
 D = Time resting spent in this place.
 E = Time spent auto-exploring this place.
 F = Levels seen in this place.
 G = Mean time per level.
                   A        B        C        D        E       F      G
               +--------+--------+--------+--------+--------+-----+--------+
         Total |   4881 |   4772 |    109 |    587 |   3313 |   5 |  976.2 |
       Dungeon |   4881 |   4772 |    109 |    587 |   3313 |   5 |  976.2 |
               +--------+--------+--------+--------+--------+-----+--------+

Top non-repeatable levels by time:
     D:2: 1949 daAuts
     D:1: 1191 daAuts
     D:4: 1098 daAuts
     D:5: 397 daAuts
     D:3: 244 daAuts
